Map: Moonlight Madness LE (Void)

Players

Blackknight - Winner!

  • Race: Zerg Zerg
  • League: Platinum

Javert

  • Race: Zerg Zerg
  • League: Gold

VOD

Have the link to the VOD?

Description

Time

  • Played on: Sept. 2, 2015, 9:35 p.m.
  • Length: 8:33
Show
View Real Time Build Order
Export as new Build Order

Blackknight Zerg - Winner!

Build Orders: Hatch First 

Get SALT Encoding   

  12  0:01  Drone  
  13  0:09  Drone  
  14  0:16  Drone, Extractor  
  15  0:39  Hatchery  
  14  0:48  Extractor  
  14  0:49  Drone x2, Extractor  
  14  0:54  Overlord  
  16  1:08  Overlord  
  16  1:13  Drone  
  17  1:21  Drone  
  18  1:27  Extractor  
  18  1:32  Drone, Spawning Pool  
  17  1:44  Drone  
  18  1:51  Drone  
  18  1:54  Drone  
  20  2:01  Drone  
  20  2:04  Drone  
  22  2:18  Hatchery  
  22  2:20  Drone x2  
  23  2:23  Queen  
  23  2:28  Metabolic Boost  
  25  2:34  Drone  
  25  2:35  Drone  
  27  2:42  Queen  
  29  2:45  Zergling x2  
  29  2:47  Zergling x2  
  29  2:49  Zergling x2  
  32  2:53  Zergling x2  
  32  2:57  Zergling x2  
  34  3:03  Zergling x2  
  35  3:07  Zergling x2  
  35  3:12  Overlord  
  36  3:24  Overlord x2  
  36  3:29  Queen x2  
  40  3:42  Drone x2  
  40  3:44  Spine Crawler  
  40  3:45  Spine Crawler x2  
  39  3:53  Drone x4  
  43  4:05  Lair  
  43  4:10  Roach Warren  
  43  4:11  Drone, Extractor  
  43  4:13  Drone  
  43  4:14  Drone  
  44  4:22  Drone x3  
  47  4:27  Drone x2  
  49  4:33  Overlord  
  49  4:54  Drone x2, Extractor  
  49  4:56  Roach x5  
  60  5:10  Zergling x2  
  60  5:11  Zergling x14  
  66  5:22  Glial Reconstitution  
  66  5:27  Drone  
  67  5:28  Drone x2  
  67  5:29  Drone  
  67  5:30  Overlord x3  
  70  5:44  Drone x2  
  72  5:53  Hatchery, Drone x2  
  73  6:07  Drone x3  
  73  6:08  Drone  
  73  6:10  Extractor  
  76  6:23  Drone  
  76  6:24  Drone x8  
  85  6:30  Overlord x2  
  89  6:32  Roach  
  89  6:33  Roach  
  89  6:43  Evolution Chamber  
  89  6:46  Evolution Chamber  
  87  6:48  Roach x7  
  101  7:01  Roach  
  101  7:02  Roach  
  101  7:04  Overlord  
  101  7:05  Roach  
  101  7:06  Roach x2  
  111  7:19  Overseer  
  111  7:25  Roach x4  
  114  7:54  Roach  
  114  7:55  Roach x2  
  114  7:56  Overlord x2  
  114  7:57  Overlord x4  
  118  8:06  Spore Crawler, Drone x2  
  118  8:07  Hydralisk Den  
  118  8:11  Spore Crawler  
Show
View Real Time Build Order
Export as new Build Order

Javert Zerg 

Build Orders: Pool First 

Get SALT Encoding   

  12  0:01  Drone  
  13  0:13  Overlord  
  13  0:18  Drone  
  14  0:33  Drone x2  
  16  0:36  Drone  
  17  0:48  Spawning Pool  
  16  0:50  Drone  
  17  0:59  Drone  
  18  1:16  Hatchery, Extractor  
  16  1:36  Roach Warren  
  15  1:40  Queen  
  15  1:41  Drone x2  
  19  1:50  Overlord  
  19  2:17  Roach  
  19  2:18  Roach x2  
  25  2:38  Hatchery  
  25  2:39  Queen  
  26  2:52  Drone x3  
  31  3:05  Roach  
  31  3:06  Roach  
  31  3:08  Roach  
  35  3:20  Overlord  
  35  3:35  Drone  
  35  3:37  Overlord  
  35  3:38  Queen  
  35  3:40  Overlord  
  38  3:45  Drone  
  38  3:47  Drone  
  40  4:00  Drone  
  40  4:01  Drone x4  
  45  4:09  Overlord  
  45  4:11  Drone  
  46  4:26  Drone x4  
  50  4:32  Overlord  
  50  4:34  Lair  
  50  4:35  Extractor  
  49  4:44  Ravager  
  49  4:45  Drone x3  
  53  4:47  Extractor  
  53  4:48  Extractor  
  51  5:00  Evolution Chamber  
  51  5:02  Evolution Chamber  
  51  5:06  Drone x4  
  54  5:07  Drone x5  
  58  5:15  Ravager  
  58  5:20  Drone x3  
  58  5:21  Drone x3  
  65  5:29  Overlord  
  65  5:32  Zerg Missile Weapons Level 1  
  65  5:45  Roach x4  
  65  5:48  Overlord x2  
  73  5:58  Spine Crawler  
  73  6:03  Roach x5  
  82  6:15  Glial Reconstitution  
  82  6:19  Overlord x2  
  82  6:22  Queen x2  
  82  6:25  Overlord  
  86  6:31  Ravager x2  
  88  6:34  Drone x5  
  93  6:50  Overlord x2  
  93  7:03  Hydralisk Den  
  93  7:06  Drone x6  
  98  7:09  Overlord  
  98  7:11  Overseer  
  98  7:23  Hatchery  
  98  7:24  Extractor  
  98  7:25  Extractor  
  98  7:26  Overlord x2  
  85  7:51  Roach  
  85  7:52  Roach x11  
Tags
 
Add a new tag
Caveats
  • Supply blocks, unpowered buildings, or Contaminate may cause inaccurate times.
  • Supply counts are checked every 10 seconds.